 Dungeon Crawl Stone Soup version 0.18.1-8-gdd0e5ea (webtiles) character file.

98 matakusis the Sneak (level 4, -3/30 HPs)
             Began as a Vampire Enchanter on June 5, 2016.
             Slain by a goblin
             ... wielding a +0 club
             ... led by Robin
              (7 damage)
             ... on level 3 of the Dungeon.
             The game lasted 00:11:06 (3008 turns).

matakusis the Sneak (Vampire Enchanter)             Turns: 3008, Time: 00:11:06

Health: -3/30      AC:  5    Str:  7    XL:     4   Next: 43%
Magic:  1/16       EV: 13    Int: 17    God:
Gold:   91         SH:  0    Dex: 15    Spells: 3 memorised, 0 levels left

rFire  . . .     SeeInvis +     j - +1 dagger (vamp)
rCold  . . .     Gourm    .     b - +1 robe
rNeg   . . .     Faith    .     (no shield)
rPois  .         Spirit   .     (no helmet)
rElec  .         Dismiss  .     p - +1 cloak
rCorr  .         Reflect  .     (no gloves)
SustAt .         Harm     .     (no boots)
MR     .....                    (no amulet)
Stlth  ++++......               (no ring)
                                q - ring of magical power

@: regenerating quickly, not resistant to hostile enchantments, stealthy
A: fangs 3, see invisible, unbreathing
a: no special abilities


You were on level 3 of the Dungeon.
You were very full.

You visited 1 branch of the dungeon, and saw 3 of its levels.

You collected 91 gold pieces.

Inventory:

Hand Weapons
 j - a +1 vampiric dagger (weapon)
Missiles
 a - 9 stones (quivered)
Armour
 b - a +1 robe (worn)
 p - a +1 cloak (worn)
Jewellery
 q - a ring of magical power (left hand)
Potions
 d - 2 potions of blood
 f - a potion of cure mutation
 i - a potion of curing
 r - a potion of heal wounds
Books
 c - a book of Maledictions

   Spells                             Type                      Level
   a - Corona                         Hexes                        1
   b - Ensorcelled Hibernation        Hexes/Ice                    2
   c - Confuse                        Hexes                        3
   d - Tukima's Dance                 Hexes                        3
   e - Dazzling Spray                 Conjuration/Hexes            3


   Skills:
 + Level 1.2 Short Blades
 + Level 2.9 Dodging
 * Level 5.9 Stealth
 + Level 2.4 Spellcasting
 + Level 5.7 Hexes


You couldn't memorise any spells.
You knew the following spells:

 Your Spells              Type           Power        Failure   Level  Hunger
a - Corona                Hex            ###....      1%          1    #......
b - Tukima's Dance        Hex            ###.....     8%          3    ###....
c - Confuse               Hex            ###.....     8%          3    ###....


Dungeon Overview and Level Annotations

Branches:
Dungeon (3/15)

Altars:
Zin


Innate Abilities, Weirdness & Mutations

Your natural rate of healing is unusually fast.
You have razor-sharp teeth.
You have supernaturally acute eyesight.
You can survive without breathing.


Message History

The goblin hits you with an uncursed club.
* * * LOW HITPOINT WARNING * * *
The goblin hits you with a dagger.
* * * LOW HITPOINT WARNING * * *
You see here a meat ration.
Casting: Confuse
Confirm with . or Enter, or press ? or * to list all spells.
Aiming: Confuse
Press: ? - help, Shift-Dir - straight line, f - hobgoblin
Aim: a hobgoblin, wielding a club (chance to defeat MR: 84%)
The hobgoblin appears confused.
The hobgoblin hits the goblin with a club.
The goblin is killed!
You hit the hobgoblin.
The hobgoblin is moderately wounded.
The hobgoblin hits you but does no damage.
You miss the goblin.
The goblin is moderately wounded.
The goblin hits you with an uncursed club!
You die...

### #.. #.#.#
#.#.#### #.#.#@)#
#.#†#gg# # #.#(#l.#
#.#.#)#(.#######
####..$#)#).....l..
#......)..#.#######
#.###..#....#
#.>##(### ##. #.#


You could see a hobgoblin (confused), a goblin and a giant newt.

Vanquished Creatures
  Terence (D:2)
  Robin (D:3)
  An ooze (D:1)
  A worm (D:2)
  A dart slug (D:2)
  2 giant geckos
  2 ball pythons (D:1)
  3 giant cockroaches
  12 goblins
  6 hobgoblins
  9 kobolds
  6 bats
  4 giant newts
  8 rats
57 creatures vanquished.

Notes
Turn   | Place    | Note
--------------------------------------------------------------
     0 | D:1      | matakusis the Vampire Enchanter began the quest for the Orb.
     0 | D:1      | Reached XP level 1. HP: 13/13 MP: 3/3
   525 | D:1      | Reached XP level 2. HP: 18/19 MP: 1/5
   952 | D:1      | Reached skill level 5 in Hexes
  1000 | D:1      | Reached skill level 5 in Stealth
  1394 | D:1      | Reached XP level 3. HP: 24/24 MP: 6/6
  1753 | D:1      | Learned a level 3 spell: Tukima's Dance
  2170 | D:2      | Noticed Terence
  2192 | D:2      | Killed Terence
  2265 | D:2      | Reached XP level 4. HP: 21/30 MP: 5/7
  2351 | D:2      | Learned a level 3 spell: Confuse
  2531 | D:2      | Found a glowing silver altar of Zin.
  2946 | D:3      | Noticed Robin
  2999 | D:3      | Killed Robin
  3008 | D:3      | Slain by a goblin

Skill      XL: |  1  2 |
---------------+-------+-----
Hexes          | 5 |  5.7
Stealth        | 5 |  5.9
Short Blades   | |  1.2
Dodging        | |  2.9
Spellcasting   | |  2.4

Action                   |  1- 3 |  4- 6 || total
-------------------------+-------+-------++-------
Melee: Dagger            |   152 |    66 ||   218
       Bite              |    12 |     7 ||    19
 Cast: Corona            |    42 |     4 ||    46
       Tukima's Dance    |     2 |       ||     2
       Confuse           |       |    12 ||    12
  Use: Potion            |       |    16 ||    16
       Scroll            |       |     9 ||     9
 Stab: Sleeping          |     9 |     1 ||    10
       Distracted        |     1 |       ||     1
       Confused          |       |     5 ||     5
Armor: Robe              |    34 |    38 ||    72
Dodge: Dodged            |   116 |    55 ||   171
